 Dungeon Crawl Stone Soup version 0.22.1-1-ga44c0e5 (webtiles) character file.

2685 MalarOregon the Carver (level 9, -1/78 (79) HPs)
             Began as a Minotaur Fighter on Sept 21, 2018.
             Impaled on a porcupine's spines (12 damage)
             ... on level 7 of the Dungeon.
             The game lasted 00:08:26 (5877 turns).

MalarOregon the Carver (Minotaur Fighter)           Turns: 5877, Time: 00:08:27

HP:   -1/78 (79)    AC: 15    Str: 24    XL:     9   Next: 38%
MP:   8/8           EV:  3    Int:  5    God:
Gold: 417           SH: 16    Dex: 10    Spells: 8/8 levels left

rFire    . . .     SeeInvis .   a - +0 long sword (freeze)
rCold    . . .     Gourm    .   o - +0 large shield
rNeg     . . .     Faith    .   z - +0 plate armour
rPois    +         Spirit   .   (helmet restricted)
rElec    .         Reflect  .   l - +0 cloak
rCorr    .         Harm     .   D - +0 pair of gloves
MR       .....                  (no boots)
Stlth    ..........             (no amulet)
HPRegen  0.23/turn              h - ring of poison resistance
MPRegen  0.11/turn              (no ring)

@: no status effects
A: retaliatory headbutt, horns 2
a: no special abilities


You were on level 7 of the Dungeon.
You were near starving.

You visited 1 branch of the dungeon, and saw 8 of its levels.

You collected 417 gold pieces.

Inventory:

Hand Weapons
 a - a +0 long sword of freezing (weapon)
Missiles
 q - 39 poisoned needles
 C - 3 javelins (quivered)
Armour
 l - a +0 cloak (worn)
   (You found it on level 4 of the Dungeon)
 o - a +0 large shield (worn)
   (You found it on level 2 of the Dungeon)
 z - a +0 plate armour (worn)
   (You found it on level 5 of the Dungeon)
 D - a +0 pair of gloves (worn)
   (You found it on level 6 of the Dungeon)
Jewellery
 h - a ring of poison resistance (left hand)
   (You found it on level 1 of the Dungeon)
 E - an uncursed amulet of regeneration {unknown}
   (You found it on level 6 of the Dungeon)
Wands
 t - a wand of flame (17)
   (You found it on level 7 of the Dungeon)
 u - a wand of paralysis (11)
   (You found it on level 5 of the Dungeon)
 I - a wand of scattershot (4)
   (You found it on level 7 of the Dungeon)
Scrolls
 i - 6 scrolls of identify {unknown}
 j - 2 scrolls of fog {unknown}
 p - a scroll of noise {unknown}
 w - 4 scrolls of amnesia {unknown}
 x - 2 scrolls of remove curse {unknown}
 y - 3 scrolls of enchant armour {unknown}
 F - a scroll of immolation {unknown}
 G - 2 scrolls of enchant weapon {unknown}
 H - 2 scrolls of teleportation {unknown}
Potions
 b - 2 potions of brilliance {unknown}
 c - a potion of degeneration {unknown}
 d - 2 potions of might
 f - a potion of resistance {unknown}
 g - a potion of invisibility {unknown}
 k - 2 potions of mutation {unknown}
 m - 2 potions of lignification {unknown}
 n - a potion of ambrosia {unknown}
 s - 2 potions of flight {unknown}
 v - 3 potions of curing {unknown}
 A - a potion of agility {unknown}
 B - a potion of heal wounds {unknown}
Comestibles
 e - 18 rations {!d}


   Skills:
 + Level 7.3 Fighting
 * Level 9.3 Long Blades
 + Level 4.9 Throwing
 + Level 7.3 Armour
 + Level 7.2 Shields


You had 8 spell levels left.
You didn't know any spells.
Your spell library contained the following spells:

 Spells                   Type           Power        Failure   Level  Hunger
 Infusion                 Chrm           #...         100%        1    ##.....
 Summon Small Mammal      Summ           #...         100%        1    ##.....
 Call Imp                 Summ           #.......     100%        2    ###....
 Shroud of Golubria       Chrm/Tloc      #.........   100%        2    ###....
 Song of Slaying          Chrm           #.......     100%        2    ###....
 Call Canine Familiar     Summ           #.......     100%        3    ####...
 Regeneration             Chrm/Necr      #.........   100%        3    ####...
 Spectral Weapon          Hex/Chrm       #.......     100%        3    ####...
 Summon Guardian Golem    Hex/Summ       #.......     100%        3    ####...
 Ice Form                 Ice/Tmut       #.......     100%        4    #####..
 Summon Ice Beast         Ice/Summ       #.......     100%        4    #####..
 Summon Lightning Spire   Summ/Air       #.......     100%        4    #####..
 Metabolic Englaciation   Hex/Ice        #.........   100%        5    ######.
 Bolt of Cold             Conj/Ice       #.........   100%        6    #######
 Freezing Cloud           Conj/Ice/Air   #.........   100%        6    #######
 Ozocubu's Refrigeration  Ice            #.........   100%        6    #######
 Simulacrum               Ice/Necr       #.........   100%        6    #######


Dungeon Overview and Level Annotations

Branches:
Dungeon (8/15)             Temple (0/1) D:4
   Lair: D:8-11

Altars:
Ashenzari
Gozag
Okawaru
Uskayaw
Xom
Zin


Innate Abilities, Weirdness & Mutations

You reflexively headbutt those who attack you in melee.
You have a pair of horns on your head.


Message History

The bullfrog hits you but does no damage.
Unknown command.
The ice beast hits you but does no damage.
Found a stone staircase leading down.
You block the bullfrog's attack.
A porcupine comes into view.
You block the bullfrog's attack.
A jelly comes into view.
The jelly quivers.
You block the bullfrog's attack.
The jelly moves out of view.
A porcupine comes into view.
Found a stone staircase leading up.
You block the jelly's attack. You block the bullfrog's attack.
The bullfrog hits you but does no damage.
The bullfrog hits you but does no damage.
You block the porcupine's attack.
A black bear comes into view.
You block the porcupine's attack. You block the bullfrog's attack.
The black bear moves out of view.
There is a stone staircase leading up here.
The bullfrog hits you but does no damage.
The ice beast hits you but does no damage.
You block the porcupine's attack.
You climb upwards.
There is a stone staircase leading down here.
The porcupine bites you but does no damage.
The ice beast hits you.
* * * LOW HITPOINT WARNING * * *
The ice beast freezes you.
* * * LOW HITPOINT WARNING * * *
You block the porcupine's attack. You block the bullfrog's attack.
The bullfrog hits you but does no damage.
You block the bullfrog's attack. You block the porcupine's attack.
You block the bullfrog's attack. The bullfrog hits you.
* * * LOW HITPOINT WARNING * * *
You slash the bullfrog!
The bullfrog seems to slow down.
You freeze the bullfrog.
You kill the bullfrog!
You block the porcupine's attack.
You are struck by the porcupine's spines.
* * * LOW HITPOINT WARNING * * *
You closely miss the porcupine. You block the porcupine's attack.
Your magical contamination has completely faded away.
You completely miss the porcupine. You block the porcupine's attack.
Unknown command.
You block the porcupine's attack.
You are struck by the porcupine's spines.
You die...

#>........>##
#......#...)##
#....#####...## #....#
##...## #...## ###..#
##..# #..# #Y.# ##.## #.r#
#..# ##.@# #..# #...# #.##
#...# #.# ##..>## ##.#
##### ##.....## ##..#
#.[.###....)..######..[#
##.........<...........#
##....................#
#........#################


You could see an ice beast and a porcupine.

Vanquished Creatures
  2 hippogriffs
  An orc warrior (D:6)
  A sky beast (D:5)
  A phantom (D:6)
  2 centaurs (D:5)
  An ice beast (D:5)
  A necrophage (D:6)
  3 ogres
  A big kobold (D:7)
  2 bullfrogs
  A wyvern skeleton (D:6)
  2 scorpions
  5 killer bees (D:7)
  A wight (D:6)
  A howler monkey (D:4)
  2 crimson imps (D:6)
  A jelly (D:7)
  An orc priest (D:4)
  6 hounds
  5 orc wizards
  An iguana (D:5)
  5 worker ants
  A hound skeleton (D:5)
  A worker ant zombie (D:5)
  Robin (D:2)
  9 adders
  2 shadow imps
  2 adder zombies (D:5)
  A dart slug (D:2)
  2 leopard geckos (D:6)
  20 orcs
  4 giant cockroaches
  13 goblins
  7 hobgoblins
  7 jackals
  7 kobolds
  4 quokkas
  4 bats
  2 frilled lizards (D:2)
  A leopard gecko zombie (D:5)
  A quokka skeleton (D:7)
  8 rats
143 creatures vanquished.

Vanquished Creatures (others)
  3 fungi (D:8)
3 creatures vanquished.

Grand Total: 146 creatures vanquished

Notes
Turn   | Place    | Note
-------+----------+-------------------------------------------
     0 | D:1      | MalarOregon the Minotaur Fighter began the quest for the
                  | Orb.
     0 | D:1      | Reached XP level 1. HP: 19/19 MP: 0/0
   224 | D:1      | Reached XP level 2. HP: 27/27 MP: 1/1
   365 | D:1      | Reached skill level 3 in Long Blades
   719 | D:2      | Reached XP level 3. HP: 29/33 MP: 2/2
   908 | D:2      | Noticed Robin
   933 | D:2      | Killed Robin
  1446 | D:3      | Reached XP level 4. HP: 40/40 MP: 3/3
  1488 | D:3      | Found a shattered altar of Ashenzari.
  2096 | D:3      | Reached skill level 4 in Long Blades
  2096 | D:3      | Reached skill level 1 in Throwing
  2106 | D:3      | Reached XP level 5. HP: 37/47 MP: 4/4
  2231 | D:4      | Noticed an ogre
  2233 | D:4      | Killed an ogre
  2326 | D:4      | Found a glowing silver altar of Zin.
  2327 | D:4      | Noticed an angel
  2347 | D:4      | Reached XP level 6. HP: 25/55 MP: 5/5
  2539 | D:4      | Reached skill level 5 in Long Blades
  2560 | D:4      | Reached skill level 5 in Fighting
  2656 | D:4      | Found a staircase to the Ecumenical Temple.
  2958 | D:5      | Entered Level 5 of the Dungeon
  2966 | D:5      | Reached skill level 5 in Armour
  2966 | D:5      | Reached skill level 5 in Shields
  3007 | D:5      | Reached XP level 7. HP: 17/61 MP: 6/6
  3151 | D:5      | Reached skill level 6 in Long Blades
  3704 | D:5      | Found an iron altar of Okawaru.
  3886 | D:6      | Reached XP level 8. HP: 70/70 MP: 7/7
  3946 | D:6      | Reached skill level 7 in Long Blades
  4450 | D:6      | Found a shimmering altar of Xom.
  4610 | D:7      | Noticed a hippogriff
  4628 | D:6      | Reached skill level 8 in Long Blades
  4636 | D:6      | Killed a hippogriff
  5061 | D:7      | Noticed a hippogriff
  5064 | D:7      | Reached XP level 9. HP: 64/77 MP: 8/8
  5254 | D:7      | Reached skill level 9 in Long Blades
  5594 | D:7      | Found a hide-covered altar of Uskayaw.
  5690 | D:7      | Found an opulent altar of Gozag.
  5829 | D:8      | Noticed a two-headed ogre
  5877 | D:7      | Impaled on a porcupine's spines

Skill      XL: |  1  2  3  4  5  6  7  8  9 |
---------------+----------------------------+-----
Long Blades    | 3 4 5 6 8 9 |  9.3
Fighting       | 4 5 6 7 |  7.3
Armour         | 4 5 6 7 |  7.3
Shields        | 4 5 6 7 |  7.2
Throwing       | 1 2 3 4 |  4.9

Action                   |  1- 3 |  4- 6 |  7- 9 || total
-------------------------+-------+-------+-------++-------
Melee: Long sword        |    81 |    87 |   374 ||   542
       Headbutt          |    15 |    20 |    68 ||   103
  Use: Scroll            |       |       |     2 ||     2
  Eat: Chunk             |     2 |     5 |     8 ||    15
Armor: Scale mail        |    34 |    24 |    18 ||    76
       Plate armour      |       |       |   189 ||   189
Dodge: Dodged            |    22 |    18 |    57 ||    97
Block: Shield            |    17 |       |       ||    17
       Large shield      |    48 |    65 |   398 ||   511
       Rpst.: Long sword |     3 |     7 |    16 ||    26
